Map: Year Zero LE

Players

Demi

  • Race: Zerg Zerg
  • Spawn Location: 1:00

Cham - Winner!

  • Race: Zerg Zerg
  • League: Grandmaster
  • Spawn Location: 11:00

Event: 2019 WCS Winter Americas

VOD

Have the link to the VOD?

Description

Time

  • Played on: Feb. 2, 2019, 1:55 p.m.
  • Length: 5:04

All games in this series

Show
View Real Time Build Order
Export as new Build Order

Demi Zerg 

Build Orders: Hatch First, Roach Nydus 

Get SALT Encoding   

  12  0:01  Drone  
  13  0:15  Overlord  
  13  0:18  Drone  
  14  0:33  Drone x2  
  16  0:51  Hatchery  
  16  0:54  Drone  
  16  0:57  Drone  
  16  1:01  Drone  
  18  1:11  Extractor  
  18  1:16  Spawning Pool  
  16  1:19  Drone  
  16  1:23  Drone  
  18  1:31  Drone  
  19  1:41  Drone  
  20  1:52  Drone  
  21  2:02  Queen  
  21  2:03  Overlord, Queen  
  21  2:05  Drone  
  26  2:14  Drone x2  
  28  2:25  Drone x2  
  30  2:36  Extractor  
  30  2:37  Zergling x2  
  30  2:41  Lair  
  30  2:43  Queen  
  32  2:47  Drone x2  
  32  2:48  Evolution Chamber, Drone  
  34  2:58  Roach Warren  
  34  3:02  Drone x2  
  35  3:09  Overlord  
  35  3:15  Drone  
  35  3:18  Overlord  
  36  3:28  Drone  
  36  3:29  Drone x2  
  36  3:30  Overlord  
  38  3:42  Evolution Chamber, Roach  
  38  3:43  Roach x2  
  43  3:49  Nydus Network  
  42  3:56  Roach  
  44  4:03  Roach x2  
  44  4:07  Overseer  
  44  4:09  Roach  
  50  4:12  Roach  
  50  4:16  Roach  
  54  4:21  Queen  
  56  4:25  Overlord  
  56  4:29  Roach x2  
  60  4:36  Nydus Canal  
  60  4:41  Overlord  
Show
View Real Time Build Order
Export as new Build Order

Cham Zerg - Winner!

Build Orders: Hatch First 

Get SALT Encoding   

  12  0:00  Drone  
  13  0:09  Drone  
  14  0:17  Overlord  
  14  0:36  Drone x2  
  14  0:37  Drone  
  17  0:53  Hatchery  
  17  0:56  Drone  
  17  1:00  Drone  
  18  1:04  Extractor  
  17  1:15  Spawning Pool  
  16  1:21  Drone  
  16  1:22  Drone  
  18  1:31  Drone  
  19  1:46  Overlord  
  19  1:58  Drone  
  20  2:01  Queen  
  20  2:05  Queen  
  20  2:08  Zergling x4  
  26  2:09  Metabolic Boost  
  26  2:13  Drone  
  27  2:17  Drone  
  28  2:24  Drone  
  28  2:28  Drone  
  30  2:37  Drone  
  30  2:41  Hatchery  
  30  2:47  Drone x2  
  32  2:53  Drone  
  32  2:56  Evolution Chamber  
  32  2:57  Overlord  
  32  3:01  Drone  
  33  3:12  Zergling x8  
  36  3:16  Drone  
  36  3:19  Overlord  
  37  3:20  Drone  
  37  3:21  Drone  
  39  3:27  Drone  
  40  3:38  Roach Warren  
  40  3:40  Drone x2  
  41  3:43  Drone x2  
  41  3:45  Drone  
  41  3:47  Drone  
  45  3:50  Drone x2  
  45  3:54  Overlord  
  47  4:01  Extractor, Drone x2  
  47  4:02  Extractor  
  47  4:04  Overlord  
  47  4:06  Drone  
  47  4:08  Drone  
  49  4:11  Drone  
  49  4:12  Drone  
  49  4:15  Overlord  
  51  4:21  Roach x2  
  51  4:23  Roach  
  57  4:25  Roach  
  57  4:29  Roach  
  61  4:32  Roach  
  61  4:33  Roach  
  61  4:36  Roach  
  67  4:40  Roach  
  67  4:43  Roach x2  
Tags
 
Add a new tag
Caveats
  • Supply blocks, unpowered buildings, or Contaminate may cause inaccurate times.
  • Supply counts are checked every 10 seconds.